 Dungeon Crawl Stone Soup version 0.31-a0-152-g6aa68a64a1 (webtiles) character file.

Game seed: 4155469113991079505

989 qw the Skirmisher (level 7, -12/62 HPs)
             Began as a Minotaur Hunter on June 9, 2023.
             Mangled by an ogre
             ... wielding a +0 giant club
              (17 damage)
             ... on level 5 of the Dungeon.
             The game lasted 00:01:31 (3577 turns).

qw the Skirmisher (Minotaur Hunter)                 Turns: 3577, Time: 00:01:32

Health: -12/62     AC: 10    Str: 15    XL:     7   Next: 98%
Magic:  6/6        EV: 12    Int:  6    God:
Gold:   94         SH:  0    Dex: 16    Spells: 6/6 levels left

rFire   . . .        Y - +1 shortbow
rCold   + . .        (shield currently unavailable)
rNeg    + . .        n - +1 ring mail of Ubin {rPois rN+}
rPois   +            (helmet restricted)
rElec   .            h - +0 cloak
rCorr   .            m - +0 pair of gloves
SInv    .            d - +0 pair of boots
Will    .....        b - amulet of regeneration
Stlth   +            k - ring of protection from cold
HPRegen 1.10/turn    (no ring)
MPRegen 0.10/turn

%: no passive effects
@: no status effects
A: horns 2, retaliatory headbutt
a: no special abilities


You were on level 5 of the Dungeon.
You visited 1 branch of the dungeon, and saw 5 of its levels.

You collected 250 gold pieces.
You spent 156 gold pieces at shops.


Innate Abilities, Weirdness & Mutations

You have a pair of horns on your head.
You reflexively headbutt those who attack you in melee.


   Skills:
 + Level 5.7 Fighting
 - Level 9.0 Ranged Weapons
 - Level 3.4 Armour
 - Level 3.0 Dodging
 - Level 0.7 Stealth


You had 6 spell levels left.
You didn't know any spells.
Your spell library was empty.

Inventory:

Hand Weapons
 Y - a +1 shortbow (weapon)
Armour
 c - a +0 troll leather armour {Pargi}
 d - a +0 pair of boots (worn)
 h - a +0 cloak (worn)
 j - a +1 robe of fire resistance
 m - a +0 pair of gloves (worn)
 n - the +1 ring mail of Ubin (worn) {rPois rN+}
   (You found it on level 3 of the Dungeon)

   rPois:     It protects you from poison.
   rN:        It protects you from negative energy.
Jewellery
 b - an amulet of regeneration (around neck)
 k - a ring of protection from cold (left hand)
Scrolls
 g - a scroll of identify
Potions
 a - 2 potions of curing
 f - a potion of mutation

Dungeon Overview and Level Annotations

Branches:
Dungeon (5/15)             Temple (0/1) D:5

Altars:
Trog
Vehumet
Zin

Shops:
D:3 ?   D:4 [![


Message History

You headbutt the black bear! The black bear barely misses you.
The black bear claws you but does no damage.
The black bear bites you!
The black bear claws you but does no damage. x2
You shoot an arrow.
The arrow closely misses the black bear.
The black bear bites you. The black bear claws you.
The black bear barely misses you.
The ogre hits you with a +0 giant club!!
Ouch! That really hurt!
3571 ||| DRINKING potion of heal wounds.
You feel much better. The black bear barely misses you.
The black bear claws you but does no damage.
The black bear misses you. x2; The black bear barely misses you.
The black bear misses you. The ogre barely misses you. You furiously retaliate!
You headbutt the ogre! You shoot an arrow.
The arrow closely misses the black bear.
The black bear bites you! The black bear claws you. x2
You shoot an arrow. The arrow barely misses the black bear.
The black bear closely misses you. You furiously retaliate!
You headbutt the black bear!
You kill the black bear!
The ogre hits you with a +0 giant club.
Your Armour skill increases to level 3!
You shoot an arrow. The arrow hits the ogre.
The ogre is moderately wounded.
The ogre hits you with a +0 giant club!
You shoot an arrow.
The arrow hits the ogre but does no damage.
The ogre is moderately wounded.
You shoot an arrow.
The arrow hits the ogre but does no damage.
The ogre is moderately wounded.
The ogre hits you with a +0 giant club!
You shoot an arrow. The arrow hits the ogre.
The ogre is heavily wounded.
The ogre hits you with a +0 giant club!
You die...

......... ## #.. .
.)..>.. .. #.# .. ......
.# ..# .#. #...##.# #.#
...##...##.# #.#
#.......... #.# #
#......# #ยค# # #..O@.#
#.# . ###..#.# #.# #
.....#.# ####.# ##
####..#.###....# .####
#........#### ..).#
##......### ...>#####
#...##.#..#
.(.....)####.#.##.##.####
######..)....#.##........


You could see an ogre.

Vanquished Creatures
  2 black bears
  Pargi (D:4)
  2 phantoms
  A kobold brigand (D:5)
  A gnoll sergeant (D:4)
  A howler monkey (D:4)
  2 hounds
  A jelly (D:5)
  A sleepcap (D:4)
  Jessica (D:2)
  2 iguanas (D:4)
  7 adders
  7 gnolls
  A dart slug (D:2)
  4 orcs
  6 ball pythons
  6 endoplasms
  8 giant cockroaches
  6 goblins
  4 hobgoblins
  11 kobolds
  3 quokkas
  7 bats
  4 frilled lizards
  7 rats
96 creatures vanquished.

Notes
Turn   | Place    | Note
-------+----------+-------------------------------------------
     0 | D:1      | qw the Minotaur Hunter began the quest for the Orb.
     0 | D:1      | Reached XP level 1. HP: 18/18 MP: 0/0
     0 | D:1      | 0 ||| qw: Version: 0.2-a-120-g592f744
     0 | D:1      | 0 ||| qw: Game counter: 3168
     0 | D:1      | 0 ||| qw: Always use a shield: true
     0 | D:1      | 0 ||| qw: God list: Okawaru
     0 | D:1      | 0 ||| qw: Allow faded altars: false
     0 | D:1      | 0 ||| qw: Do Orc after D:15 true
     0 | D:1      | 0 ||| qw: Do second Lair branch before Depths: true
     0 | D:1      | 0 ||| qw: Lair rune preference: random
     0 | D:1      | 0 ||| qw: Plans: Normal
     0 | D:1      | 0 ||| PLANNING D:1-11
   413 | D:1      | Reached XP level 2. HP: 25/25 MP: 1/1
   616 | D:1      | Reached skill level 5 in Ranged Weapons
   872 | D:1      | 872 ||| UPGRADING to +0 pair of boots.
   877 | D:1      | 877 ||| UPGRADING to +0 cloak.
   882 | D:1      | 882 ||| UPGRADING to +0 ring mail.
   892 | D:1      | 892 ||| DROPPING +0 leather armour.
   893 | D:1      | 893 ||| READING scroll labelled WIVOIC AMNI.
   894 | D:1      | 894 ||| DROPPING scroll of butterflies.
   953 | D:2      | 953 ||| Stepping ~*~*~tactically~*~*~ (outnumbered).
   955 | D:2      | 955 ||| Stepping ~*~*~tactically~*~*~ (outnumbered).
   961 | D:2      | Reached skill level 1 in Armour
   966 | D:2      | Reached XP level 3. HP: 26/30 MP: 2/2
   988 | D:2      | Reached skill level 3 in Fighting
  1235 | D:2      | Reached XP level 4. HP: 38/38 MP: 3/3
  1240 | D:2      | Noticed Jessica
  1243 | D:2      | Killed Jessica
  1283 | D:2      | Reached skill level 6 in Ranged Weapons
  1607 | D:2      | 1607 ||| UPGRADING to +1 robe of fire resistance.
  1617 | D:2      | 1617 ||| UPGRADING to amulet of regeneration.
  1622 | D:2      | 1622 ||| READING 2 scrolls labelled YFOVACE CUFABICW.
  1625 | D:2      | 1625 ||| DRINKING 2 white potions.
  1626 | D:2      | 1626 ||| READING 3 scrolls of identify.
  1626 | D:2      | 1626 ||| IDENTIFYING emerald potion
  1627 | D:2      | 1627 ||| READING 2 scrolls of identify.
  1627 | D:2      | 1627 ||| IDENTIFYING bubbling coppery potion
  1628 | D:2      | 1628 ||| DROPPING potion of degeneration.
  1919 | D:3      | Reached XP level 5. HP: 45/46 MP: 4/4
  1943 | D:3      | Found Eraff's Magic Scroll Emporium.
  1951 | D:3      | 1951 ||| BUYING scroll of enchant weapon (90 gold).
  1951 | D:3      | Bought a scroll of enchant weapon for 90 gold pieces
  1951 | D:3      | 1951 ||| BUYING scroll of identify (24 gold).
  1951 | D:3      | Bought a scroll of identify for 24 gold pieces
  1951 | D:3      | 1951 ||| SHOPLISTING scroll of identify (24 gold, have 6).
  1951 | D:3      | 1951 ||| SHOPLISTING scroll of teleportation (36 gold, have
                  | 6).
  1951 | D:3      | 1951 ||| READING scroll of enchant weapon.
  1951 | D:3      | 1951 ||| ENCHANTING +0 shortbow.
  1963 | D:3      | Found a radiant altar of Vehumet.
  1996 | D:3      | Identified the +1 ring mail of Ubin {rPois rN+}
  2217 | D:3      | Found a bloodstained altar of Trog.
  2339 | D:3      | 2339 ||| DROPPING +0 ring mail.
  2340 | D:3      | 2340 ||| UPGRADING to +0 pair of gloves.
  2345 | D:3      | 2345 ||| UPGRADING to +1 ring mail of Ubin {rPois rN+}.
  2355 | D:3      | 2355 ||| UPGRADING to ring of protection from cold.
  2356 | D:3      | 2356 ||| READING scroll labelled FIATYCS KUTOGOMO.
  2374 | D:3      | 2374 ||| READING 3 scrolls of identify.
  2374 | D:3      | 2374 ||| IDENTIFYING fizzy golden potion
  2375 | D:3      | 2375 ||| READING 2 scrolls of identify.
  2375 | D:3      | 2375 ||| IDENTIFYING sapphire potion
  2376 | D:3      | 2376 ||| DROPPING potion of lignification.
  2377 | D:3      | 2377 ||| DROPPING potion of enlightenment.
  2590 | D:4      | Noticed an angel
  2591 | D:4      | Found a glowing silver altar of Zin.
  2636 | D:4      | Found Xod Sosu's Antique Armour Emporium.
  2652 | D:4      | Noticed a phantom
  2653 | D:4      | 2653 ||| SHOPLISTING blackened leather armour (203 gold,
                  | have 62).
  2663 | D:4      | Killed a phantom
  2664 | D:4      | Reached skill level 7 in Ranged Weapons
  2664 | D:4      | Reached XP level 6. HP: 52/52 MP: 5/5
  2732 | D:4      | HP: 13/52 [gnoll/+0 spear[a gnoll sergeant] (6)]
  2733 | D:4      | 2733 ||| READING scroll of teleportation.
  2734 | D:4      | 2734 ||| DRINKING potion of heal wounds.
  2737 | D:4      | Found Pet Hus's Distillery.
  2760 | D:4      | 2760 ||| SHOPLISTING potion of cancellation (112 gold, have
                  | 62).
  2760 | D:4      | 2760 ||| BUYING potion of curing (42 gold).
  2760 | D:4      | Bought a potion of curing for 42 gold pieces
  2760 | D:4      | 2760 ||| SHOPLISTING potion of curing (42 gold, have 20).
  2760 | D:4      | 2760 ||| SHOPLISTING potion of might (56 gold, have 20).
  2760 | D:4      | 2760 ||| SHOPLISTING potion of mutation (112 gold, have
                  | 20).
  2765 | D:4      | Found Seriq's Antique Armour Shoppe.
  2780 | D:4      | 2780 ||| SHOPLISTING runed ring mail (133 gold, have 20).
  2807 | D:4      | HP: 12/52 [gnoll sergeant/+0 spear (8)]
  2880 | D:4      | Reached skill level 8 in Ranged Weapons
  2928 | D:4      | Noticed Pargi
  2941 | D:4      | Killed Pargi
  2970 | D:4      | Reached XP level 7. HP: 43/62 MP: 6/6
  3030 | D:4      | Reached skill level 3 in Dodging
  3319 | D:4      | Identified the +8 whip "Tair" {spect, Fly rPois rCorr
                  | Str-5}
  3376 | D:4      | 3376 ||| READING scroll labelled HUS ZUIMOPH.
  3377 | D:4      | 3377 ||| READING scroll labelled ARIMIO TEPSU.
  3428 | D:5      | Entered Level 5 of the Dungeon
  3442 | D:5      | 3442 ||| Stepping ~*~*~tactically~*~*~ (outnumbered).
  3444 | D:5      | 3444 ||| Stepping ~*~*~tactically~*~*~ (outnumbered).
  3446 | D:5      | 3446 ||| Stepping ~*~*~tactically~*~*~ (outnumbered).
  3449 | D:5      | 3449 ||| Stepping ~*~*~tactically~*~*~ (outnumbered).
  3556 | D:5      | Reached skill level 9 in Ranged Weapons
  3556 | D:5      | Found a staircase to the Ecumenical Temple.
  3557 | D:5      | 3557 ||| PLANNING TEMPLE
  3559 | D:5      | 3559 ||| READING scroll labelled JIHET LIWNY.
  3570 | D:5      | HP: 12/62 [ogre/+0 giant club (31)]
  3571 | D:5      | 3571 ||| DRINKING potion of heal wounds.
  3574 | D:5      | Reached skill level 3 in Armour
  3576 | D:5      | HP: 4/62 [ogre/+0 giant club (9)]
  3577 | D:5      | Mangled by an ogre

Levels and vault maps discovered:
D:1:      dpeg_arrival_stone_temple_mockup, layout_basic
D:2:      layout_loops_ring, palyth_stone_intersect, uniq_jessica
D:3:      layout_loops_ring, marbit_many_paths, lemuel_crystal_altar,
          serial_shops, shop
D:4:      layout_gridville, zin_angel, serial_shops, shop,
          nicolae_shop_hallway_plus, shop, solitary_fountain, uniq_pargi
D:5:      layout_rooms, minmay_temple_entry_stoned_glass,
          hangedman_abyss_or_decor_stagger, minmay_hollow_rounded_squares

Skill      XL: |  1  2  3  4  5  6  7 |
---------------+----------------------+-----
Ranged Weapons | 5 6 7 8 9 |  9.0
Armour         | 1 2 3 |  3.4
Fighting       | 3 4 5 |  5.7
Dodging        | 3 |  3.0
Stealth        | |  0.7

Action                     |  1- 3 |  4- 6 |  7- 9 || total
---------------------------+-------+-------+-------++-------
   Fire: Shortbow          |    79 |   192 |    84 ||   355
    Use: Scroll            |     1 |     8 |     3 ||    12
         Potion            |       |     2 |     1 ||     3
 Armour: Leather armour    |     4 |       |       ||     4
         Ring mail         |     6 |    53 |    27 ||    86
         Robe              |       |     3 |       ||     3
  Dodge: Dodged            |    20 |    71 |    39 ||   130

Table legend:
 A = Non-vault XP
 B = Vault XP
 C = Vault XP percentage of total XP
 D = Non-vault monster count
 E = Vault monster count
 F = Vault count percentage of total count
                 A         B        C        D         E       F
            +---------+---------+-------+---------+---------+-------
      Total |    1248 |     165 |  11.7 |      93 |       3 |   3.1
            +---------+---------+-------+---------+---------+-------
        D:1 |      16 |       0 |   0.0 |      11 |       0 |   0.0
        D:2 |     119 |      37 |  23.7 |      26 |       1 |   3.7
        D:3 |      48 |       3 |   5.9 |      21 |       1 |   4.5
        D:4 |     642 |     125 |  16.3 |      24 |       1 |   4.0
        D:5 |     423 |       0 |   0.0 |      11 |       0 |   0.0
            +---------+---------+-------+---------+---------+-------
